 Dungeon Crawl Stone Soup version 0.13-a0-2210-g26cee09 (webtiles) character file.

142 Grabo the Ruinous (level 3, -3/37 HPs)
             Began as a Djinni Conjurer on July 3, 2013.
             Slain by a goblin (4 damage)
             ... while paralysed by a potion of paralysis
             ... on Level 3 of the Dungeon.
             The game lasted 00:04:53 (1723 turns).

Grabo the Ruinous (Djinni Conjurer)                 Turns: 1723, Time: 00:04:53

HP  -3/37        AC  3     Str  8      XL: 3   Next: 53%
MP   0/0         EV  2     Int 16      God:
Gold 93          SH  0     Dex 13      Spells:  3 memorised,  1 level left

Res.Fire  : + + +   See Invis. : .   g - +1 dwarf dagger
Res.Cold  : x . .   Warding    : .   a - +0 robe
Life Prot.: + + +   Conserve   : .   (no shield)
Res.Poison: .       Res.Corr.  : .   (no helmet)
Res.Elec. : .       Clarity    : .   j - +0 elf cloak
Sust.Abil.: . .     Spirit.Shd : .   (no gloves)
Res.Mut.  : .       Stasis     : .   (boots unavailable)
Res.Rott. : .       Flight     : .   (no amulet)
Saprovore : . . .                    (no ring)
                                     p - ring of magical power

@: paralysed, not resistant to hostile enchantments, fairly stealthy
A: no striking features
a: no special abilities


You were on level 3 of the Dungeon.
You were not hungry.

You visited 1 branch of the dungeon, and saw 3 of its levels.

You collected 73 gold pieces.

Inventory:

Hand weapons
 e - a +0,+3 sling
 g - a +1,+1 dwarven dagger (weapon)
Missiles
 i - 51 stones (quivered)
Armour
 a - a +0 robe (worn)
 j - a +0 elven cloak (worn)
Scrolls
 h - a scroll of magic mapping {unknown}
 n - 2 scrolls of remove curse {unknown}
 o - 2 scrolls of identify {unknown}
 q - a scroll of noise {unknown}
 r - a scroll of amnesia {unknown}
 s - a scroll of fog {unknown}
Jewellery
 p - a ring of magical power (left hand)
Potions
 f - a potion of brilliance {unknown}
 k - a potion of speed {unknown}
 l - a potion of blood {unknown}
 m - a potion of curing {unknown}
Books
 c - a book of Conjurations

   Spells                             Type                      Level
   *Magic Dart                        Conjuration                  1
   *Force Lance                       Conjuration                  2
   *Dazzling Spray                    Conjuration/Hexes            3
   Iskenderun's Mystic Blast          Conjuration                  4
   Iskenderun's Battlesphere          Conjuration/Charms           4
   Fulminant Prism                    Conjuration/Hexes            5


   Skills:
 - Level 1.7 Dodging
 - Level 1.5 Stealth
 + Level 2.8 Spellcasting
 + Level 5.2 Conjurations


You had one spell level left.
You knew the following spells:

 Your Spells              Type           Power        Failure   Level  Hunger
a - Magic Dart            Conj           ###.         2%          1    #......
b - Force Lance           Conj           ###...       4%          2    ##.....
c - Dazzling Spray        Conj/Hex       ##......     21%         3    ###....


Dungeon Overview and Level Annotations

Branches:
Dungeon (3/27)

Altars:

Annotations
D:3 dck's ghost, average OpEE


Message History

* * * LOW HITPOINT WARNING * * *
The rat misses you. The giant cockroach closely misses you.
The rat bites you but does no damage.
Dck's ghost whispers, "Meet the emptiness of death!"
The goblin closely misses you. The rat closely misses you. The adder bites you.
* * * LOW HITPOINT WARNING * * *
You are poisoned.
The adder poisons you!
* * * LOW HITPOINT WARNING * * *
You feel sick. The goblin closely misses you.
Found a stone staircase leading up.
Drink which item? (? for menu, Esc to quit)
You suddenly lose the ability to move!
It was a potion of paralysis.
* * * LOW HITPOINT WARNING * * *
You feel sick.
You feel better. The rat bites you but does no damage. The goblin hits you.
* * * LOW HITPOINT WARNING * * *
The giant cockroach barely misses you. The goblin hits you.
You die...

.... #..#.....
.....)##.<#......
..................
......##..#......
#.#. #..#.....(
#..##..#......
.#.#.....p>..####<
........!.gws.......
.........r@........
.....?...S.....)...
..........###>....
.##......# #####
#####... ≈..## ≈....
....# ..#


You could see a worm, dck's ghost, an adder, a giant cockroach, a goblin and a
rat.

Vanquished Creatures
  Ijyb (D:2)
  An adder (D:3)
  2 giant geckos
  5 bats
  A giant cockroach (D:2)
  2 hobgoblins (D:2)
  5 goblins
  2 kobolds
  3 rats
22 creatures vanquished.

Vanquished Creatures (others)
  A ball python (D:2)
  A rat (D:2)
2 creatures vanquished.

Grand Total: 24 creatures vanquished

Notes
Turn   | Place    | Note
--------------------------------------------------------------
     0 | D:1      | Grabo, the Djinni Conjurer, began the quest for the Orb.
     0 | D:1      | Reached XP level 1. HP: 14/14 MP: 0/0
   307 | D:1      | Reached XP level 2. EP: 21/21
   327 | D:1      | Learned a level 2 spell: Force Lance
  1121 | D:2      | Noticed Ijyb
  1154 | D:3      | Reached skill level 5 in Conjurations
  1154 | D:3      | Reached XP level 3. EP: 16/27
  1321 | D:1      | Learned a level 3 spell: Dazzling Spray
  1559 | D:2      | Killed Ijyb
  1706 | D:3      | Noticed dck's ghost (average OpEE)
  1722 | D:3      | Paralysed by a potion of paralysis for 2 turns
  1722 | D:3      | HP: 1/37 [poisoned by an adder]
  1723 | D:3      | Slain by a goblin

Action                   || total
-------------------------++-------
Melee: Dagger            ||    21
 Fire: Sling             ||    33
 Cast: Magic Dart        ||    39
       Dazzling Spray    ||     3
  Use: Scroll            ||     1
       Potion            ||     1
 Stab: Sleeping          ||     1
